 Dungeon Crawl Stone Soup version 0.30.0-15-g856e2d3f33 (webtiles) character file.

Game seed: 4343468745286643439

357 Jackthecabe the Conjurer (level 6, -4/44 HPs)
             Began as a Mummy Reaver on May 18, 2023.
             Slain by a gnoll
             ... wielding a +1 spear of freezing
              (5 damage)
             ... on level 5 of the Dungeon.
             The game lasted 00:08:28 (2579 turns).

Jackthecabe the Conjurer (Mummy Reaver)             Turns: 2579, Time: 00:08:28

Health: -4/44      AC:  7    Str: 16    XL:     6   Next: 36%
Magic:  10/10      EV: 10    Int: 14    God:
Gold:   183        SH:  0    Dex: 10    Spells: 5/11 levels left

rFire   x . .        i - +2 falchion (vamp)
rCold   + . .        (no shield)
rNeg    + + +        h - +0 ring mail
rPois   ∞            (no helmet)
rElec   .            (no cloak)
rCorr   .            (no gloves)
SInv    .            g - +1 pair of boots
Will    .....        (no amulet) Stlth
                     (no ring)
HPRegen 0.27/turn    (no ring)
MPRegen 0.12/turn

%: faith
@: no status effects
A: cold resistance 1, negative energy resistance 3, torment resistance 2, heat
vulnerability 1, in touch with death 1, no potions, faith
a: no special abilities


You were on level 5 of the Dungeon.
You visited 1 branch of the dungeon, and saw 5 of its levels.

You collected 183 gold pieces.

Inventory:

Hand Weapons
 a - a +0 spear
 i - a +2 vampiric falchion (weapon)
   (You found it on level 5 of the Dungeon)
Missiles
 e - a throwing net {=f, !d}
Armour
 b - a +0 leather armour
 g - a +1 pair of boots (worn)
   (You found it on level 2 of the Dungeon)
 h - a +0 ring mail (worn)
   (You found it on level 2 of the Dungeon)
 j - the +3 ring mail "Keroenay" {Rampage}
   (You found it on level 5 of the Dungeon)

   Rampage:   It bestows one free step when moving towards enemies.
Scrolls
 c - a scroll of identify {@r1}
 d - a scroll of enchant armour


   Skills:
 - Level 2.0 Fighting
 - Level 2.4 Polearms
 - Level 1.5 Dodging
 - Level 3.0 Spellcasting
 * Level 4.1 Conjurations
 + Level 4.0 Ice Magic


You had 5 spell levels left.
You knew the following spells:

 Your Spells              Type           Power      Damage    Failure   Level
a - Kiss of Death         Conj/Necr      44%        2d8       17%         1
b - Momentum Strike       Conj/Tloc      14%        3d8       26%         2
c - Hailstorm             Conj/Ice       13%        3d5       22%         3

Your spell library contained the following spells:

 Spells                   Type           Power      Damage    Failure   Level


Dungeon Overview and Level Annotations

Branches:
Dungeon (5/15)
 Temple: D:4-7

Altars:

Shops:
D:2 (   D:4 *

Annotations:
D:4 1 transporter
D:5 Dowan, Duvessa, Prince Ribbit


Innate Abilities, Weirdness & Mutations

You are immune to poison.
Your flesh is cold resistant. (rC+)
You are immune to negative energy. (rN+++)
You are immune to unholy pain and torment.
You are vulnerable to heat. (rF-)
You are in touch with the powers of death.
You do not drink.
You have a special connection with the divine. (Faith)


Message History

Things that are here:
a +0 mace; 9 gold pieces; an orc corpse You now have 183 gold pieces (gained 9).
Prince Ribbit sighs, "It's not easy being green!"
You miss Prince Ribbit. Prince Ribbit hits you.
Prince Ribbit barely misses you.
You take 5 damage, and have 39/44 hp.
You closely miss Prince Ribbit. Prince Ribbit barely misses you.
You hit Prince Ribbit.
You feel better.
Prince Ribbit blinks!
You regained 4 hp, and now have 43/44 hp.
You see here a +0 flail.
Health restored: 44 Prince Ribbit blinks!
Prince Ribbit blinks!
Dowan, Brother of Duvessa comes into view.
He is wielding a +0 dagger and carrying a wand of digging (7).
Dowan shouts!
Dowan moves out of view.
Duvessa, Sister of Dowan comes into view.
She is wielding a +0 rapier.
Duvessa moves out of view.
You hear a zap.
You hear a grinding noise.
An iguana comes into view.
You hit the iguana. Dowan gestures at you while chanting.
The puff of flame hits you. The iguana bites you.
You take 6 damage, and have 38/44 hp.
You hit the iguana.
You feel better. The iguana completely misses you.
Dowan zaps a wand.
Some rock shatters into small pieces.
You barely miss the iguana. The iguana bites you!
The iguana closely misses you.
You take 9 damage, and have 30/44 hp.
MASSIVE DAMAGE!!
The iguana barely misses you.
Dowan zaps a wand.
You hear a grinding noise.
The iguana closely misses you.
Unknown command.
The iguana attacks as you move away!
The iguana bites you but does no damage. 2 gnolls come into view.
The gnoll shouts! x2
Unknown command.
Unknown command.
The iguana attacks as you move away! The iguana misses you.
Dowan completely misses you. Dowan attacks as you move away!
Dowan hits you with a +0 dagger.
You take 2 damage, and have 30/44 hp.
You closely miss Dowan. Dowan gestures at you while chanting.
You easily resist.
You barely miss Dowan.
Dowan points at you and mumbles some strange words.
The puff of frost hits you. You resist.
You take 5 damage, and have 26/44 hp.
You hit Dowan but do no damage. Dowan misses you.
Unknown command.
You hit Dowan. Dowan hits you with a +0 dagger.
A gnoll comes into view. It is wielding a +1 spear of freezing.
Dowan hits you but does no damage.
You take 1 damage, and have 25/44 hp.
You hit Dowan.
You feel better. Dowan casts a spell at you.
You easily resist.
You barely miss Dowan.
Dowan points at you and mumbles some strange words.
The puff of flame hits you. The fire burns you terribly!
You take 6 damage, and have 20/44 hp.
As you read the scroll labelled YDWAPSEURU, it crumbles to dust.
It is a scroll of identify.
d - a scroll of enchant armour Dowan hits you with a +0 dagger.
You take 3 damage, and have 17/44 hp.
Blink to where?
As you read the scroll labelled JADIED ACAI, it crumbles to dust.
It was a scroll of blinking.
Dowan mumbles some strange words.
Dowan blinks!
The gnoll hits you from afar with a +1 spear of freezing.
You take 3 damage, and have 14/44 hp.
A gnoll comes into view. It is wielding a +0 flail.
The gnoll shouts!
You hear an angry hiss.
You hear a zap.
You hear a grinding noise.
An adder comes into view.
The gnoll barely misses you.
You hit the gnoll.
You feel better. The gnoll hits you with a +0 flail.
The gnoll hits you from afar with a +1 spear of freezing.
* * * LOW HITPOINT WARNING * * *
The gnoll freezes you.
* * * LOW HITPOINT WARNING * * *
The gnoll hits you but does no damage. The gnoll completely misses you.
You take 5 damage, and have 10/44 hp.
You hit the gnoll.
You feel better. The gnoll closely misses you.
The gnoll hits you from afar with a +1 spear of freezing.
* * * LOW HITPOINT WARNING * * *
The gnoll freezes you.
* * * LOW HITPOINT WARNING * * *
You take 3 damage, and have 7/44 hp.
You hit the gnoll.
You feel better. The gnoll hits you with a +0 flail!
* * * LOW HITPOINT WARNING * * *
The gnoll hits you from afar with a +1 spear of freezing.
You die...

#.###.#.#e.........
....
#l#.#.######### #
#....# #.#....# #
#.#g...# #.#....#
#. ......# #.#....#
#+ #.#.##.#
#.#....# #......
#.#.....
#g###.#....[ .
#.@.g.#.e.... .
####### . .


You could see 2 gnolls.

Vanquished Creatures
  An ogre (D:5)
  A scorpion (D:5)
  A hound (D:5)
  A jelly (D:5)
  An orc priest (D:5)
  An orc wizard (D:5)
  4 adders (D:2 D:5)
  8 orcs (D:5 D:4)
  7 endoplasms (D:1 D:2)
  3 giant cockroaches (D:1)
  8 goblins (D:1 D:2 D:3 D:4)
  5 hobgoblins (D:1)
  2 quokkas (D:1)
  2 ball pythons (D:1 D:2)
  2 bats (D:1)
  2 frilled lizards (D:2)
  3 kobolds (D:1 D:2 D:4)
  2 rats (D:2)
54 creatures vanquished.

Vanquished Creatures (others)
  An orc (D:5)
1 creature vanquished.

Grand Total: 55 creatures vanquished

Notes
Turn   | Place    | Note
-------+----------+-------------------------------------------
     0 | D:1      | Jackthecabe the Mummy Reaver began the quest for the Orb.
     0 | D:1      | Reached XP level 1. HP: 16/16 MP: 4/4
   126 | D:1      | Reached skill level 3 in Spellcasting
   217 | D:1      | Reached XP level 2. HP: 21/22 MP: 6/6
   328 | D:1      | Reached skill level 3 in Conjurations
   689 | D:2      | Gained mutation: You are in touch with the powers of death.
                  | [Mummy growth]
   689 | D:2      | Reached XP level 3. HP: 25/27 MP: 7/7
   709 | D:2      | Learned a level 2 spell: Momentum Strike
   713 | D:2      | Learned a level 3 spell: Hailstorm
   812 | D:2      | HP: 13/27 [adder (2)]
  1046 | D:2      | Found Kos Oguu's Weapon Shoppe.
  1436 | D:3      | You fall into a shaft and drop 2 floors!
  1436 | D:5      | Entered Level 5 of the Dungeon
  1482 | D:5      | HP: 12/27 [orc/+2 flail of protection (5)]
  1487 | D:5      | HP: 7/27 [orc/+2 flail of protection (3)]
  1574 | D:5      | Reached skill level 4 in Conjurations
  1574 | D:5      | Reached XP level 4. HP: 28/29 MP: 8/8
  1594 | D:5      | Reached skill level 1 in Ice Magic
  1631 | D:5      | Identified the +3 ring mail "Keroenay" {Rampage}
  1658 | D:4      | Found a transporter.
  1685 | D:4      | Noticed an ogre
  1686 | D:4      | HP: 13/33 [goblin/sling bullet[Robin] (4)]
  1692 | D:5      | HP: 10/27 [jelly (1)]
  1692 | D:5      | HP: 3/27 [acid (7)]
  1696 | D:5      | Reached skill level 2 in Ice Magic
  1696 | D:5      | Reached XP level 5. HP: 9/31 MP: 5/9
  1787 | D:4      | HP: 13/31 [orc/+1 whip of distortion (5)]
  1798 | D:4      | Found Akoll's General Store.
  1813 | D:4      | Noticed a wyvern
  1958 | D:5      | HP: 15/31 [orc priest/divine providence (16)]
  2106 | D:5      | Reached skill level 3 in Ice Magic
  2249 | D:5      | Noticed Prince Ribbit
  2293 | D:5      | Noticed an ogre
  2356 | D:5      | HP: 18/37 [hound (1)]
  2360 | D:5      | Reached XP level 6. HP: 22/44 MP: 10/10
  2461 | D:5      | Reached skill level 4 in Ice Magic
  2541 | D:5      | Noticed Dowan
  2542 | D:5      | Noticed Duvessa
  2571 | D:5      | HP: 20/44 [Dowan/puff of flame (6)]
  2577 | D:5      | HP: 16/44 [gnoll/+0 flail (1)]
  2578 | D:5      | HP: 7/44 [gnoll/+1 spear of freezing (1)]
  2579 | D:5      | HP: 1/44 [gnoll/+0 flail (8)]
  2579 | D:5      | Slain by a gnoll

Illustrated notes

Levels and vault maps discovered:
D:1:      dpeg_arrival_morbid_curiosity, layout_basic
D:2:      layout_rooms, serial_shops, shop_statue, chequers_serial_rivers_room_b
D:3:      layout_basic, hangedman_decor_lopped, uniq_natasha, uniq_jessica
D:4:      layout_loops_ring, gammafunk_temple_overflow_arena,
          minmay_temple_entry_glassed_door, serial_shops,
          nicolae_shop_mannequins, shop, shop, feat_on_display, uniq_menkaure,
          uniq_robin
D:5:      layout_basic, nicolae_shop_dragon_depot, uniq_duvessa,
          uniq_prince_ribbit1

Skill      XL: |  1  2  3  4  5  6 |
---------------+-------------------+-----
Spellcasting   | 3 |  3.0
Conjurations   | 3 4 |  4.1
Ice Magic      | 2 3 4 |  4.0
Fighting       | |  2.0
Polearms       | |  2.4
Dodging        | |  1.5

Action                     |  1- 3 |  4- 6 || total
---------------------------+-------+-------++-------
  Melee: Spear             |   157 |       ||   157
         Falchion          |     5 |   109 ||   114
         Punch             |       |     1 ||     1
   Cast: Kiss of Death     |     1 |     2 ||     3
         Hailstorm         |     1 |       ||     1
  Evoke: Wand              |       |     3 ||     3
    Use: Scroll            |       |     2 ||     2
 Armour: Leather armour    |    30 |       ||    30
         Ring mail         |     8 |    50 ||    58
  Dodge: Dodged            |    63 |    76 ||   139

Levels and vault maps discovered:
D:1:      dpeg_arrival_morbid_curiosity, layout_basic
D:2:      layout_rooms, serial_shops, shop_statue, chequers_serial_rivers_room_b
D:3:      layout_basic, hangedman_decor_lopped, uniq_natasha, uniq_jessica
D:4:      layout_loops_ring, gammafunk_temple_overflow_arena,
          minmay_temple_entry_glassed_door, serial_shops,
          nicolae_shop_mannequins, shop, shop, feat_on_display, uniq_menkaure,
          uniq_robin
D:5:      layout_basic, nicolae_shop_dragon_depot, uniq_duvessa,
          uniq_prince_ribbit1

Table legend: (Time is in decaauts)
 A = Elapsed time spent in this place.
 B = Non-inter-level travel time spent in this place.
 C = Inter-level travel time spent in this place.
 D = Time resting spent in this place.
 E = Time spent auto-exploring this place.
 F = Levels seen in this place.
 G = Mean time per level.
                   A        B        C        D        E       F      G
               +--------+--------+--------+--------+--------+-----+--------+
         Total |   2609 |   2580 |     29 |    354 |   1268 |   5 |  521.8 |
       Dungeon |   2609 |   2580 |     29 |    354 |   1268 |   5 |  521.8 |
               +--------+--------+--------+--------+--------+-----+--------+

Top non-repeatable levels by time:
     D:5: 1109 daAuts
     D:1: 677 daAuts
     D:2: 603 daAuts
     D:3: 152 daAuts
     D:4: 67 daAuts

Table legend:
 A = Kills in this place as a percentage of kills in the entire game.
 B = Kills by you in this place as a percentage of kills by you in the entire game.
 C = Kills by friends in this place as a percentage of kills by friends in the entire game.
 D = Other kills in this place as a percentage of other kills in the entire game.
 E = Experience gained in this place as a percentage of experience gained in the entire game.
 F = Experience gained in this place divided by the number of levels of this place that you have seen.
                   A       B       C       D       E      F
               +-------+-------+-------+-------+-------+----------------------
         Total | 100.0 | 100.0 |   N/A | 100.0 | 100.0 | 102.0
       Dungeon | 100.0 | 100.0 |   N/A | 100.0 | 100.0 | 102.0
               +-------+-------+-------+-------+-------+----------------------
